Map: Hardwire LE

Players

CarpalTunnel - Winner!

  • Race: Zerg Zerg
  • League: Diamond
  • Spawn Location: 7:00

IIIIIIIIIIII

  • Race: Protoss Protoss
  • League: Master
  • Spawn Location: 1:00

VOD

Have the link to the VOD?

Description

Time

  • Played on: July 3, 2022, 9:09 p.m.
  • Length: 25:05
Show
View Real Time Build Order
Export as new Build Order

CarpalTunnel Zerg - Winner!

Build Orders: Hatch First, Lurkers 

Get SALT Encoding   

  12  0:01  Drone  
  13  0:12  Overlord  
  13  0:16  Drone  
  14  0:30  Drone x2  
  16  0:46  Drone x2  
  18  0:55  Hatchery  
  17  1:13  Spawning Pool  
  16  1:26  Drone  
  17  1:38  Drone x3  
  20  1:53  Drone  
  21  2:03  Hatchery  
  21  2:06  Zergling x2  
  21  2:14  Zergling x2  
  22  2:20  Queen  
  24  2:28  Zergling x6  
  27  2:42  Drone  
  28  2:56  Roach Warren  
  28  2:57  Queen, Extractor  
  27  3:04  Spore Crawler, Extractor, Spine Crawler  
  24  3:12  Overlord  
  24  3:13  Drone x3  
  24  3:15  Drone  
  28  3:20  Drone  
  28  3:22  Drone  
  29  3:35  Spore Crawler  
  29  3:37  Spine Crawler  
  26  3:51  Roach  
  26  3:52  Zergling x2  
  26  3:53  Zergling x8  
  31  4:03  Roach  
  31  4:04  Roach  
  35  4:16  Drone  
  38  4:17  Drone x4  
  39  4:24  Roach  
  40  4:36  Overlord x2  
  40  4:50  Drone x2  
  42  4:55  Overlord x2  
  42  4:57  Drone x2  
  44  5:05  Roach x2  
  48  5:26  Metabolic Boost  
  49  5:28  Drone x5  
  49  5:29  Drone x4  
  49  5:33  Drone x2  
  59  5:39  Queen  
  61  5:47  Drone  
  61  5:48  Spore Crawler, Spine Crawler  
  61  5:49  Queen  
  62  5:57  Lair  
  62  6:00  Drone x3  
  62  6:01  Drone  
  62  6:02  Drone  
  62  6:03  Drone  
  68  6:11  Drone x2  
  68  6:12  Drone x2  
  68  6:16  Extractor  
  68  6:17  Extractor  
  70  6:23  Drone x4  
  74  6:37  Overlord x6  
  74  6:46  Extractor  
  73  6:47  Extractor  
  72  7:01  Glial Reconstitution  
  72  7:03  Overseer  
  72  7:08  Drone x5  
  75  7:09  Drone, Roach x6  
  88  7:23  Roach x6  
  100  7:33  Hydralisk Den  
  100  7:36  Drone x2  
  100  7:37  Drone x2  
  103  7:38  Roach x3  
  109  7:48  Overlord x3  
  109  7:50  Spore Crawler  
  108  7:56  Spore Crawler  
  105  7:59  Overlord  
  105  8:00  Overlord x6  
  101  8:15  Queen  
  101  8:16  Overlord x3  
  101  8:17  Overlord  
  101  8:20  Ravager  
  101  8:21  Zergling x2  
  101  8:22  Zergling x8  
  101  8:23  Ravager x5  
  101  8:24  Ravager x2  
  114  8:27  Pneumatized Carapace  
  109  8:45  Overseer  
  108  8:48  Zergling x12  
  108  8:49  Zergling x2  
  112  9:01  Zergling x12  
  118  9:07  Lurker Den  
  89  9:30  Grooved Spines, Hydralisk x7  
  97  9:37  Spore Crawler, Drone x2  
  95  9:52  Drone  
  95  9:53  Drone x3  
  89  10:07  Hydralisk x10  
  89  10:13  Hydralisk  
  108  10:20  Drone x2  
  110  10:30  Hydralisk x3  
  110  10:35  Drone x6  
  116  10:39  Overseer  
  116  10:41  Muscular Augments  
  115  10:44  Overseer  
  115  10:45  Overseer  
  115  10:46  Hydralisk  
  115  10:47  Hydralisk x2  
  121  10:50  Overlord x2  
  121  11:12  Evolution Chamber  
  121  11:13  Evolution Chamber  
  121  11:14  Hatchery, Baneling Nest, Hydralisk x4  
  121  11:15  Hydralisk  
  121  11:17  Lurker x2  
  130  11:18  Lurker  
  130  11:32  Hydralisk x3  
  130  11:33  Hydralisk  
  130  11:35  Overlord x2  
  138  11:46  Overlord x3  
  138  11:57  Lurker x7  
  138  11:58  Zergling x12  
  151  12:05  Drone x5  
  156  12:15  Zerg Missile Weapons Level 1  
  156  12:30  Overseer x2  
  150  12:39  Hydralisk x3  
  150  12:40  Hydralisk x9  
  162  12:52  Hydralisk  
  162  12:53  Hydralisk x4  
  169  12:58  Zerg Ground Armor Level 1  
  166  13:10  Hydralisk  
  166  13:12  Overlord x6  
  168  13:39  Zergling x30  
  168  13:40  Zergling x2  
  184  13:44  Hydralisk x3  
  190  13:52  Infestation Pit  
  190  13:54  Overseer  
  189  13:59  Hydralisk x5  
  183  14:24  Hydralisk  
  183  14:25  Hydralisk x10  
  183  14:30  Hydralisk  
  167  14:39  Hydralisk x4  
  167  14:41  Zerg Missile Weapons Level 2  
  167  14:43  Pathogen Glands  
  173  14:56  Drone x3, Extractor  
  173  14:57  Drone  
  173  14:58  Extractor  
  173  14:59  Drone x2  
  176  15:04  Hydralisk x2  
  176  15:05  Queen x2  
  176  15:06  Queen x2  
  187  15:14  Infestor x3  
  184  15:21  Drone x2  
  189  15:23  Spore Crawler  
  189  15:24  Spore Crawler  
  186  15:41  Drone x4  
  186  15:42  Drone x10  
  197  15:54  Hydralisk  
  199  16:18  Spore Crawler x2, Hive  
  198  16:19  Spore Crawler  
  198  16:20  Spore Crawler, Spire  
  198  16:21  Overseer  
  194  16:27  Zergling x2  
  194  16:28  Zergling x10  
  198  16:41  Overseer x11  
  198  16:44  Hatchery, Extractor  
  194  16:47  Extractor  
  193  16:54  Overlord x4  
  193  17:02  Drone, Spine Crawler x2  
  193  17:03  Spine Crawler  
  193  17:05  Drone x2  
  193  17:06  Drone  
  194  17:08  Drone  
  194  17:09  Drone  
  196  17:22  Infestor x2  
  195  17:45  Zerg Ground Armor Level 2  
  195  17:46  Zerg Missile Weapons Level 3  
  174  18:48  Hydralisk x7  
  167  18:49  Hydralisk x9  
  167  18:54  Neural Parasite  
  196  18:55  Viper  
  196  19:00  Overseer x11  
  197  19:36  Zerg Flyer Armor Level 1  
  197  19:40  Spore Crawler  
  197  19:43  Spore Crawler x2  
  197  19:45  Queen x3  
  186  20:33  Viper x3  
  171  20:50  Hydralisk x2  
  171  20:51  Hydralisk x13  
  194  21:20  Zergling x12  
  200  21:27  Spine Crawler  
  200  21:29  Spine Crawler  
  200  21:30  Spore Crawler, Spine Crawler x2  
  200  21:31  Ultralisk Cavern  
  194  21:34  Adaptive Talons  
  194  21:35  Spore Crawler x2  
  194  21:36  Spore Crawler, Zerg Melee Weapons Level 1, Zerg Ground Armor Level 3  
  194  21:37  Zerg Flyer Armor Level 2  
  191  21:41  Infestor  
  191  21:42  Infestor x4  
  199  22:02  Hatchery  
  180  22:31  Seismic Spines, Corruptor  
  180  22:32  Corruptor x8  
  180  22:34  Overlord x7  
  198  22:41  Extractor  
  197  22:44  Extractor  
  197  22:48  Lurker x2  
  197  22:50  Overlord x2  
  197  22:51  Overlord  
  184  23:10  Chitinous Plating  
  184  23:12  Ultralisk  
  200  23:13  Ultralisk x2  
  200  23:26  Spore Crawler  
  199  23:27  Spine Crawler x2  
  199  23:28  Drone x3  
  183  23:46  Hydralisk x14  
  197  24:08  Zergling x6  
  200  24:15  Baneling  
  200  24:16  Baneling x4  
Show
View Real Time Build Order
Export as new Build Order

IIIIIIIIIIII Protoss 

Build Orders: Carriers 

Get SALT Encoding   

  12  0:11  Pylon  
  12  0:15  Probe  
  13  0:32  Gateway  
  13  0:35  Probe  
  14  0:45  Pylon  
  14  0:56  Assimilator  
  14  0:59  Assimilator  
  14  1:00  Probe  
  15  1:10  Assimilator  
  15  1:19  Probe, Zealot (Chrono Boost)  
  18  1:30  Cybernetics Core  
  18  1:31  Probe  
  19  1:43  Probe, Zealot (Chrono Boost)  
  22  1:49  Pylon  
  22  1:58  Probe  
  23  2:10  Stalker (Chrono Boost)  
  23  2:15  Probe  
  26  2:31  Probe  
  26  2:33  Stalker (Chrono Boost)  
  29  2:43  Probe  
  28  3:02  Nexus  
  28  3:05  Stalker  
  28  3:07  Forge  
  28  3:13  Probe  
  29  3:25  Probe  
  30  3:40  Photon Cannon  
  30  3:44  Pylon  
  30  3:54  Probe  
  31  4:02  Stalker, Assimilator  
  33  4:06  Probe  
  34  4:16  Shield Battery  
  34  4:18  Probe (Chrono Boost)  
  33  4:30  Probe (Chrono Boost)  
  35  4:33  Probe (Chrono Boost)  
  35  4:36  Probe (Chrono Boost)  
  36  4:39  Probe (Chrono Boost)  
  36  4:41  Assimilator  
  36  4:43  Assimilator  
  36  4:45  Probe  
  36  4:48  Warp Gate (Chrono Boost)  
  36  4:51  Probe  
  37  4:56  Pylon, Gateway  
  37  4:57  Probe  
  38  5:03  Probe  
  39  5:09  Probe, Stargate  
  40  5:15  Probe  
  40  5:17  Stalker  
  43  5:21  Probe  
  43  5:22  Stargate  
  43  5:27  Probe  
  45  5:33  Probe  
  46  5:40  Probe  
  47  5:45  Probe, Nexus  
  47  5:49  Pylon  
  48  5:52  Phoenix (Chrono Boost)  
  50  5:58  Twilight Council, Probe  
  51  6:09  Probe, Phoenix (Chrono Boost)  
  51  6:10  Probe  
  55  6:13  Phoenix (Chrono Boost)  
  57  6:21  Probe  
  58  6:29  Phoenix (Chrono Boost)  
  60  6:35  Phoenix (Chrono Boost)  
  60  6:37  Dark Shrine  
  60  6:38  Probe x2, Pylon  
  64  6:47  Zealot  
  64  6:52  Sentry  
  64  6:53  Probe x2  
  70  6:55  Pylon  
  70  6:57  Pylon  
  70  7:04  Phoenix x2  
  70  7:08  Probe (Chrono Boost)  
  75  7:17  Probe (Chrono Boost)  
  75  7:22  Probe x2 (Chrono Boost)  
  78  7:29  Phoenix x2  
  82  7:35  Probe (Chrono Boost)  
  83  7:42  Nexus  
  84  7:44  Probe (Chrono Boost)  
  84  7:49  Probe (Chrono Boost)  
  85  7:54  Phoenix  
  87  8:02  Phoenix  
  89  8:05  Probe x2  
  89  8:09  Gateway  
  89  8:12  Gateway  
  91  8:15  Charge  
  91  8:18  Gateway  
  91  8:19  Phoenix  
  93  8:21  Pylon  
  93  8:22  Pylon  
  91  8:27  Phoenix  
  87  8:43  Dark Templar  
  87  8:44  Phoenix  
  87  8:45  Dark Templar  
  89  9:06  Dark Templar  
  89  9:10  Photon Cannon  
  89  9:15  Phoenix x2  
  83  9:38  Probe x3  
  86  9:42  Photon Cannon x2  
  86  9:44  Cybernetics Core  
  86  9:46  Pylon  
  86  9:50  Probe x3  
  89  9:54  Zealot x5  
  96  10:01  Dark Shrine  
  96  10:02  Probe  
  85  10:20  Pylon  
  83  10:22  Pylon  
  83  10:24  Fleet Beacon  
  83  10:26  Probe x2 (Chrono Boost)  
  84  10:29  Photon Cannon  
  84  10:31  Shield Battery  
  84  10:32  Probe (Chrono Boost)  
  85  10:41  Probe (Chrono Boost)  
  86  10:42  Pylon  
  86  10:45  Photon Cannon  
  86  10:46  Probe (Chrono Boost)  
  86  10:48  Photon Cannon, Shield Battery  
  87  10:53  Assimilator  
  87  10:54  Shield Battery  
  87  10:55  Probe x2 (Chrono Boost)  
  87  10:56  Assimilator  
  89  10:58  Probe (Chrono Boost)  
  89  11:02  Photon Cannon  
  89  11:03  Shield Battery  
  90  11:10  Probe (Chrono Boost)  
  90  11:11  Carrier (Chrono Boost)  
  93  11:12  Probe x2 (Chrono Boost)  
  99  11:22  Pylon  
  99  11:23  Shield Battery  
  91  11:34  Sentry  
  91  11:35  Dark Templar  
  91  11:36  Dark Templar  
  97  11:40  Archon  
  97  11:41  Archon  
  97  11:43  Dark Templar  
  99  11:48  Zealot  
  101  11:58  Dark Templar  
  101  11:59  Archon, Photon Cannon, Pylon  
  103  12:03  Probe (Chrono Boost)  
  103  12:06  Assimilator  
  103  12:08  Carrier (Chrono Boost)  
  104  12:13  Probe (Chrono Boost)  
  113  12:17  Phoenix (Chrono Boost), Dark Templar  
  113  12:19  Zealot x2, Nexus  
  119  12:22  Pylon  
  119  12:23  Archon  
  119  12:28  Photon Cannon, Pylon  
  112  12:51  Tempest (Chrono Boost)  
  115  13:01  Tempest (Chrono Boost), Robotics Facility  
  115  13:02  Zealot x2  
  115  13:03  Zealot x3  
  126  13:24  Carrier (Chrono Boost)  
  129  13:32  Carrier (Chrono Boost)  
  135  13:36  Nexus  
  135  13:45  Assimilator  
  134  13:49  Observer  
  135  13:56  Dark Templar x3  
  141  14:06  Dark Shrine  
  132  14:10  Observer  
  80  14:50  Forge  
  80  14:51  Nexus  
  88  14:56  Void Ray x2, Fleet Beacon  
  92  15:08  Probe (Chrono Boost)  
  92  15:09  Probe x2 (Chrono Boost)  
  91  15:15  Probe (Chrono Boost)  
  91  15:17  Probe x2 (Chrono Boost)  
  94  15:22  Probe, Pylon, Dark Templar x2  
  94  15:23  Photon Cannon  
  94  15:26  Photon Cannon  
  94  15:28  Probe x2  
  101  15:34  Photon Cannon  
  101  15:40  Probe  
  101  15:42  Pylon  
  102  15:44  Pylon  
  102  15:46  Carrier  
  102  15:48  Assimilator  
  108  15:50  Assimilator  
  108  15:59  Gateway  
  108  16:01  Pylon  
  108  16:05  Gateway  
  108  16:12  Assimilator, Photon Cannon  
  108  16:13  Photon Cannon  
  108  16:14  Cybernetics Core  
  108  16:18  Protoss Shields Level 1 (Chrono Boost)  
  108  16:28  Probe  
  109  16:39  Carrier (Chrono Boost)  
  105  16:40  Probe  
  106  16:51  Templar Archives  
  106  16:52  Probe x2 (Chrono Boost)  
  106  16:53  Probe (Chrono Boost)  
  109  17:04  Probe (Chrono Boost)  
  112  17:08  Psionic Storm  
  112  17:10  Probe x2 (Chrono Boost)  
  112  17:17  Probe (Chrono Boost)  
  112  17:18  Carrier (Chrono Boost)  
  119  17:32  Archon  
  119  17:33  High Templar x2  
  121  17:49  High Templar x2, Nexus  
  125  18:08  Pylon  
  125  18:11  Protoss Air Weapons Level 1 (Chrono Boost)  
  125  18:16  Carrier (Chrono Boost)  
  131  18:53  Carrier  
  137  18:57  Stargate  
  135  19:04  High Templar  
  135  19:13  Assimilator  
  129  19:23  Pylon  
  129  19:27  Probe (Chrono Boost)  
  132  19:33  Probe (Chrono Boost)  
  132  19:35  Probe (Chrono Boost)  
  132  19:38  Pylon  
  132  20:05  Nexus  
  132  20:19  Protoss Air Weapons Level 2 (Chrono Boost)  
  132  20:37  Carrier  
  128  21:06  Observer  
  125  21:16  High Templar x4  
  125  21:17  Probe  
  125  21:18  Probe x2  
  136  21:21  Assimilator, Pylon  
  136  21:25  Archon  
  136  21:31  Probe x3  
  139  21:44  Shadow Stride  
  139  21:50  Dark Templar  
  141  22:18  Tempest  
  134  22:27  Tempest  
  134  22:29  Probe (Chrono Boost)  
  141  22:33  Probe x3 (Chrono Boost)  
  141  22:34  Assimilator  
  141  22:36  Assimilator  
  143  22:42  Probe (Chrono Boost)  
  150  23:27  Pylon  
  150  23:41  Pylon  
  142  23:43  Nexus  
  142  23:48  Archon x2  
  136  23:53  High Templar x4  
  110  24:03  Carrier (Chrono Boost)  
  108  24:16  Gateway  
  108  24:17  Gateway  
  108  24:19  Gateway  
  108  24:23  Void Ray (Chrono Boost)  
  112  24:33  Dark Templar  
  100  24:47  Archon  
  100  24:48  Archon  
Tags
 
Composition
CarriersLurkers
Matchup
PvZ
Spawn Locations
Cross Positions
Add a new tag
Caveats
  • Supply blocks, unpowered buildings, or Contaminate may cause inaccurate times.
  • Supply counts are checked every 10 seconds.